 Dungeon Crawl Stone Soup version 0.26-a0-466-g989023bd0d (webtiles) character file.

Game seed: 12513514043663137527

21 graki42 the Sneak (level 2, 4/13 HPs)
             Began as a Vine Stalker Enchanter on Aug 7, 2020.
             Quit the game on level 2 of the Dungeon.
             The game lasted 00:03:51 (1625 turns).

graki42 the Sneak (Vine Stalker Enchanter)          Turns: 1625, Time: 00:03:51

Health: 4/13       AC:  2    Str: 10    XL:     2   Next: 87%
Magic:  4/6        EV: 12    Int: 15    God:
Gold:   34         SH:  0    Dex: 14    Spells: 2/5 levels left

rFire    . . .     SeeInvis .   a - +1 dagger
rCold    . . .     Faith    .   (no shield)
rNeg     . . .     Spirit   +   b - +0 robe
rPois    .         Reflect  .   (no helmet)
rElec    .         Harm     .   (no cloak)
rCorr    .                      (no gloves)
MR       .....                  (no boots)
Stlth    +++.......             (no amulet)
HPRegen  0.04/turn              (no ring)
MPRegen  0.10/turn              (no ring)

@: lethally poisoned (4 -> -3), flying
A: fangs 2, magic shield, antimagic bite, no potion heal 3, rot immunity
a: no special abilities


You were on level 2 of the Dungeon.
You visited 1 branch of the dungeon, and saw 2 of its levels.

You collected 34 gold pieces.

Inventory:

Hand Weapons
 a - a +1 dagger (weapon)
Armour
 b - a +0 robe (worn)
Scrolls
 c - 3 scrolls of identify {unknown}


   Skills:
 + Level 0.2 Fighting
 + Level 1.0 Short Blades
 + Level 1.6 Dodging
 * Level 4.3 Stealth
 + Level 2.2 Spellcasting
 * Level 3.2 Hexes


You had 2 spell levels left.
You knew the following spells:

 Your Spells              Type           Power        Failure   Level
a - Corona                Hex            ##.....      5%          1
b - Ensorcelled Hibernat  Hex/Ice        #.....       17%         2

Your spell library contained the following spells:

 Spells                   Type           Power        Failure   Level
 Confusing Touch          Hex            ##......     17%         3
 Tukima's Dance           Hex            ##......     17%         3
 Dazzling Flash           Conj/Hex       #.....       32%         3


Dungeon Overview and Level Annotations

Branches:
Dungeon (2/15)

Altars:
Hepliaklqana
Kikubaaqudgha
Trog
Yredelemnul


Innate Abilities, Weirdness & Mutations

You have extremely sharp teeth.
When hurt, damage is shared between your health and your magic reserves.
Your bite disrupts and absorbs the magic of your enemies.
Potions cannot restore your health.
You are immune to rotting.


Message History

Aim: an adder (chance to defeat MR: 55%)
The adder is outlined in light.
The adder bites you.
You are poisoned.
The adder poisons you!
You barely miss the adder.
You feel sick. The adder bites you but does no damage.
You hit the adder.
The adder is lightly wounded.
The adder bites you.
You hit the adder. You bite the adder. You drain its power.
You feel invigorated.
The adder is heavily wounded.
You feel sick. The adder bites you but does no damage.
You barely miss the adder.
The adder is heavily wounded.
The adder bites you. x2
It was a potion of flight.
You feel very buoyant.
You fly up into the air.
The adder bites you but does no damage.
Are you sure you want to abandon this character and quit the game? (Confirm with "yes".)

###########
#..........
#..........
#..........
#..........
#..........
##..@S......
####...........
#......#####...
#.._......(# #
##._8_...#.##
#..._....# .#
#........#
#.#...##.#
#.#.### .#


You could see an adder (corona).

Vanquished Creatures
  A dart slug (D:1)
  A leopard gecko (D:1)
  A ball python (D:1)
  3 bats (D:1)
  2 hobgoblins (D:1)
  2 jackals (D:1)
  2 goblins (D:1)
  2 kobolds (D:1)
  3 rats (D:1)
17 creatures vanquished.

Notes
Turn   | Place    | Note
-------+----------+-------------------------------------------
     0 | D:1      | graki42 the Vine Stalker Enchanter began the quest for the
                  | Orb.
     0 | D:1      | Reached XP level 1. HP: 9/9 MP: 4/4
   504 | D:1      | Reached skill level 4 in Stealth
   531 | D:1      | Reached XP level 2. HP: 13/13 MP: 6/6
   535 | D:1      | Learned a level 2 spell: Ensorcelled Hibernation
   551 | D:1      | Reached skill level 1 in Short Blades
  1606 | D:2      | Found a hazy altar of Hepliaklqana.
  1607 | D:2      | Found a bloodstained altar of Trog.
  1608 | D:2      | Found an ancient bone altar of Kikubaaqudgha.
  1608 | D:2      | Found a basalt altar of Yredelemnul.
  1625 | D:2      | Quit the game

Illustrated notes

Levels and vault maps discovered:
D:1:      enne_arrival_octagon_isle, layout_basic, serial_bayou_ford_a
D:2:      layout_basic, chequers_temple_overflow_statue_of_worship

Skill      XL: |  1  2 |
---------------+-------+-----
Stealth        | 4 |  4.3
Short Blades   | 1 |  1.0
Fighting       | |  0.2
Dodging        | |  1.6
Spellcasting   | |  2.2
Hexes          | |  3.2

Action                   || total
-------------------------++-------
Melee: Dagger            ||    54
       Bite              ||    11
 Cast: Corona            ||    16
  Use: Potion            ||     1
 Stab: Sleeping          ||     2
Armor: Robe              ||    10
Dodge: Dodged            ||    31

Table legend: (Time is in decaauts)
 A = Elapsed time spent in this place.
 B = Non-inter-level travel time spent in this place.
 C = Inter-level travel time spent in this place.
 D = Time resting spent in this place.
 E = Time spent auto-exploring this place.
 F = Levels seen in this place.
 G = Mean time per level.
                   A        B        C        D        E       F      G
               +--------+--------+--------+--------+--------+-----+--------+
         Total |   1638 |   1616 |     22 |    543 |    900 |   2 |  819.0 |
       Dungeon |   1638 |   1616 |     22 |    543 |    900 |   2 |  819.0 |
               +--------+--------+--------+--------+--------+-----+--------+

Top non-repeatable levels by time:
     D:1: 1609 daAuts
     D:2: 29 daAuts
